 Dungeon Crawl Stone Soup version 0.29.1-14-g9c671dbff4 (webtiles) character file.

Game seed: 8314171877930334043

939 FexLirch the Changer (level 8, -8/56 (64) HPs)
             Began as a Naga Transmuter on Feb 17, 2023.
             Was an Elder of Jiyva.
             Mangled by a wight
             ... wielding a +4 halberd
              (11 damage)
             ... on level 6 of the Dungeon.
             The game lasted 00:13:56 (3904 turns).

FexLirch the Changer (Naga Transmuter)              Turns: 3904, Time: 00:13:56

HP:   -8/56 (64)    AC:  5    Str: 16    XL:     8   Next: 12%
MP:   15/15         EV:  8    Int: 17    God:    Jiyva [****..]
Gold: 159           SH:  0    Dex: 11    Spells: 14/17 levels left

rFire   . . .      SeeInvis +     - Unarmed
rCold   . . .      Faith    .   (no shield)
rNeg    + . .      Spirit   .   j - +0 ring mail {rN+}
rPois   +          Reflect  .   (helmet currently unavailable)
rElec   .          Harm     .   (no cloak)
rCorr   +          Rampage  +   (no gloves)
Will    +....                   (no barding)
Stlth   +.........              d - amulet "Qusur" {Acrobat Rampage rPois Str+4}
HPRegen 1.46/turn               (no ring)
MPRegen 0.54/turn               (no ring)

@: appendages, wereblooded, heavily drained, very slow
A: horns 2, AC +2, large, see invisible, deformed body, poison resistance,
slowness 2, spit poison 1, naga tail 1, eyeballs 3, jelly absorbing missiles
a: Spit Poison, End Transformation, Renounce Religion, Oozemancy, Slimify


You were on level 6 of the Dungeon.
You worshipped Jiyva.
Jiyva was greatly pleased with you.
You had temporarily grown beastly horns.
You visited 1 branch of the dungeon, and saw 6 of its levels.

You collected 159 gold pieces.

Inventory:

Hand Weapons
 p - a +2 dagger of electrocution
Armour
 a - a +0 robe
 j - a +0 ring mail of positive energy (worn)
Jewellery
 d - the amulet "Qusur" (around neck) {Acrobat Rampage rPois Str+4}
   (You found it on level 2 of the Dungeon)

   [amulet of the acrobat]

   It increases your evasion while moving and waiting.
   Str:       It affects your strength (+4).
   rPois:     It protects you from poison.
   Rampage:   It bestows one free step when moving towards enemies.
Wands
 l - a wand of digging (5)
Scrolls
 f - a scroll of poison {unknown}
 g - a scroll of enchant weapon {unknown}
 k - 2 scrolls of fear
 n - 2 scrolls of noise
 o - a scroll of enchant armour {unknown}
 q - a scroll of torment {unknown}
Potions
 b - 2 potions of lignification
 c - 2 potions of resistance {unknown}
 e - 3 potions of heal wounds {unknown}
 h - a potion of berserk rage {unknown}
 i - a potion of brilliance {unknown}
 m - a potion of attraction {unknown}


   Skills:
 - Level 1.0 Fighting
 - Level 1.5 Dodging
 - Level 3.0 Unarmed Combat
 + Level 5.1 Spellcasting
 * Level 7.6 Transmutations


You had 14 spell levels left.
You knew the following spells:

 Your Spells              Type           Power      Damage    Failure   Level
a - Beastly Appendage     Tmut           60%        N/A       1%          1
b - Wereblood             Tmut           30%        N/A       1%          2

Your spell library contained the following spells:

 Spells                   Type           Power      Damage    Failure   Level
 Spider Form              Tmut/Pois      17%        N/A       17%         3
 Ice Form                 Ice/Tmut       17%        N/A       50%         4
 Gell's Gravitas          Tloc           4%         N/A       63%         3
 Teleport Other           Tloc           4%         N/A       63%         3
 Dispersal                Tloc           2%         N/A       100%        6


Dungeon Overview and Level Annotations

Branches:
Dungeon (6/15)             Temple (0/1) D:4

Altars:
Cheibriados
Fedhas
Makhleb
Nemelex Xobeh
Trog
Jiyva


Innate Abilities, Weirdness & Mutations

You have temporarily grown beastly horns.
Your serpentine skin is tough. (AC +2)
You have supernaturally acute eyesight. (SInv)
Armour fits poorly on your strangely shaped body.
Your system is resistant to poisons. (rPois)
You cover ground very slowly.
You can spit poison.
You have a snake-like lower body.
Your body is covered in eyes which may confuse attackers. (Acc +7, SInv)
You have a small jelly attached to you that may absorb projectiles.


Message History

Confirm with . or Enter, or press ? or * to list all spells.
You grow a pair of large bovine horns.
The wight completely misses you.
A wight comes into view. It is wielding a +4 halberd.
You hear a distant slurping noise.
You barely miss the wight. You headbutt the wight.
The wight is lightly damaged.
The wight hits you from afar with a +0 spear!
You partially resist.
You feel drained.
The wight hits you with a +1 falchion of freezing.
The wight freezes you.
Casting: Beastly Appendage (safe; 1% risk of failure)
Confirm with . or Enter, or press ? or * to list all spells.
Your blood is infused with primal strength.
The wight hits you from afar with a +0 spear!
You partially resist.
You feel drained.
The wight hits you with a +1 falchion of freezing.
You partially resist.
You feel drained. The wight freezes you.
You barely miss the wight.
The wight is lightly damaged.
The wight closely misses you.
The wight hits you with a +1 falchion of freezing!
The wight freezes you.
You hit the wight but do no damage. You headbutt the wight!
The wight is severely damaged.
The wight hits you from afar with a +0 spear.
You partially resist.
You feel drained.
The wight hits you with a +1 falchion of freezing!
The wight freezes you.
* * * LOW HITPOINT WARNING * * *
The wight hits you from afar with a +4 halberd!
* * * LOW HITPOINT WARNING * * *
You partially resist.
You feel drained.
You barely miss the wight. You headbutt the wight.
You feel a bit better.
You destroy the wight!
You hear a distant slurping noise.
The wight hits you from afar with a +0 spear.
* * * LOW HITPOINT WARNING * * *
You partially resist.
You feel drained.
The wight hits you from afar with a +4 halberd!
You die...

#........
#........
#.......#
#.......##
#........#
#........#
#....z...# #....
#@########
#....##)#..#.>..#
#...zz#.z.......#
#.....#........#
#.....#........+
#.....'...<....#
#.....#........#
#.....#........#
#$....#........#


You could see 2 wights.

Vanquished Creatures
  An ice beast (D:6)
  An ogre (D:5)
  2 phantoms (D:5)
  A necrophage (D:4)
  4 scorpions
  A wight (D:6)
  A howler monkey (D:4)
  An orc priest (D:5)
  4 hounds
  Natasha (twice) (D:2)
  An orc wizard (D:5)
  Terence (D:3)
  5 adders
  3 worms
  A dart slug (D:1)
  10 orcs
  2 giant cockroaches (D:1)
  6 goblins
  7 hobgoblins
  3 jackals (D:3)
  5 quokkas
  7 ball pythons
  4 bats
  2 frilled lizards (D:2)
  5 kobolds
  6 rats
86 creatures vanquished.

Vanquished Creatures (others)
  A scorpion (D:4)
  6 jellies
  Natasha (D:2)
  2 adders
  3 orcs (D:3)
  2 bats (D:3)
  A giant cockroach (D:4)
  2 hobgoblins
  A jackal (D:3)
  3 kobolds
  A quokka (D:4)
  A ball python (D:4)
24 creatures vanquished.

Grand Total: 110 creatures vanquished

Notes
Turn   | Place    | Note
-------+----------+-------------------------------------------
     0 | D:1      | FexLirch the Naga Transmuter began the quest for the Orb.
     0 | D:1      | Reached XP level 1. HP: 18/18 MP: 3/3
   155 | D:1      | Reached XP level 2. HP: 20/25 MP: 3/5
  1190 | D:1      | Reached skill level 3 in Transmutations
  1216 | D:1      | Found a faded altar of an unknown god.
  1303 | D:1      | Prayed at the altar of an unknown god.
  1303 | D:1      | Became a worshipper of Jiyva Jookk the Shapeless
  1303 | D:1      | Reached * piety under Jiyva
  1326 | D:2      | Reached XP level 3. HP: 24/31 MP: 6/6
  1357 | D:2      | Identified the amulet "Qusur" {Acrobat Rampage rPois Str+4}
  1414 | D:2      | Learned a level 2 spell: Wereblood
  1482 | D:2      | Noticed Natasha
  1492 | D:2      | Killed Natasha
  1510 | D:2      | Reached XP level 4. HP: 17/38 MP: 8/8
  1743 | D:2      | Reached ** piety under Jiyva
  1790 | D:2      | Killed Natasha
  1972 | D:2      | Noticed Natasha
  1976 | D:2      | Killed Natasha
  1977 | D:2      | Reached skill level 4 in Transmutations
  1988 | D:3      | Found a blossoming altar of Fedhas.
  2432 | D:3      | Found a burning altar of Makhleb.
  2453 | D:3      | Noticed Terence
  2463 | D:3      | Killed Terence
  2507 | D:3      | Reached *** piety under Jiyva
  2642 | D:4      | Noticed a necrophage
  2655 | D:4      | Killed a necrophage
  2656 | D:4      | Reached XP level 5. HP: 24/44 MP: 9/9
  2683 | D:3      | Reached skill level 5 in Transmutations
  2726 | D:4      | Reached XP level 6. HP: 38/51 MP: 11/11
  2795 | D:4      | Found a snail-covered altar of Cheibriados.
  2795 | D:4      | Found a sparkling altar of Nemelex Xobeh.
  2966 | D:4      | Found a staircase to the Ecumenical Temple.
  3061 | D:4      | Gained mutation: Your body has grown eyes which may confuse
                  | attackers. (Acc +3) [Jiyva's grace]
  3061 | D:4      | Gained mutation: Your body has grown many eyes which may
                  | confuse attackers. (Acc +5) [Jiyva's grace]
  3061 | D:4      | Gained mutation: Your body is covered in eyes which may
                  | confuse attackers. (Acc +7, SInv) [Jiyva's grace]
  3061 | D:4      | Gained mutation: You have a small jelly attached to you
                  | that may absorb projectiles. [Jiyva's grace]
  3142 | D:5      | Entered Level 5 of the Dungeon
  3168 | D:5      | Found a bloodstained altar of Trog.
  3201 | D:5      | Reached skill level 6 in Transmutations
  3201 | D:5      | Reached XP level 7. HP: 49/57 MP: 13/13
  3262 | D:5      | Reached **** piety under Jiyva
  3727 | D:5      | Reached skill level 7 in Transmutations
  3829 | D:6      | Reached XP level 8. HP: 53/64 MP: 15/15
  3857 | D:6      | Reached skill level 5 in Spellcasting
  3903 | D:6      | HP: 1/58 [wight/+4 halberd (11)]
  3904 | D:6      | Mangled by a wight

Illustrated notes

Levels and vault maps discovered:
D:1:      minmay_arrival_solitary_statue, layout_basic, basic_ecumenical_altar
D:2:      layout_basic, columned_hall_lemuel, uniq_natasha
D:3:      layout_loops_ring, lemuel_tele_altar, mainiacjoe_overflow_paths,
          minmay_misc_feat_plants, uniq_terence
D:4:      layout_rooms, mainiacjoe_overflow_large_starburst,
          minmay_temple_entry_glassed_door
D:5:      layout_loops_cross, lemuel_round_altar, amcnicky_mini_pool_small,
          kennysheep_generic_room_7
D:6:      layout_gridville, kennysheep_ying_yang,
          mainiacjoe_overflow_surrounded_room, gammafunk_ghost_grave

Skill      XL: |  1  2  3  4  5  6  7  8 |
---------------+-------------------------+-----
Transmutations | 3 4 5 6 7 |  7.6
Spellcasting   | 3 4 5 |  5.1
Fighting       | |  1.0
Dodging        | |  1.5
Unarmed Combat | |  3.0

Action                   |  1- 3 |  4- 6 |  7- 9 || total
-------------------------+-------+-------+-------++-------
Melee: Unarmed           |    88 |   176 |    95 ||   359
       Headbutt          |    17 |    28 |    21 ||    66
       Punch             |     3 |     4 |     2 ||     9
 Cast: Beastly Appendage |    19 |    21 |     6 ||    46
       Wereblood         |     1 |    13 |     5 ||    19
 Abil: Spit Poison       |       |     7 |     5 ||    12
  Use: Scroll            |       |       |     2 ||     2
 Stab: Confused          |       |     1 |     5 ||     6
Armor: Robe              |    16 |    32 |       ||    48
       Ring mail         |       |     7 |    24 ||    31
Dodge: Dodged            |    39 |   108 |    30 ||   177
